 Dungeon Crawl Stone Soup version 0.15.2 (webtiles) character file.

39 magipi the Chopper (level 3, 0/18 HPs)
             Began as a Vine Stalker Skald on Aug 25, 2015.
             Succumbed to kobold's curare-tipped needle
             ... on Level 3 of the Dungeon.
             The game lasted 00:07:00 (854 turns).

magipi the Chopper (Vine Stalker Skald)              Turns: 854, Time: 00:07:00

HP   0/18        AC  3     Str 14      XL: 3   Next: 45%
MP   2/7         EV 10     Int 12      God:
Gold 98          SH  0     Dex 14      Spells:  1 memorised,  5 levels left

rFire  . . .     SeeInvis .     a - +0 hand axe
rCold  . . .     Clarity  .     b - +0 leather armour
rNeg   . . .     rCorr    .     (no shield)
rPois  .         rRot     +     (no helmet)
rElec  .         Spirit   +     (no cloak)
SustAb .         Warding  .     (no gloves)
rMut   .         Stasis   .     (no boots)
Gourm  .                        (no amulet)
MR     .....                    (no ring)
                                (no ring)

@: lethally poisoned, slowed, very slow, not resistant to hostile enchantments,
very unstealthy
A: fangs 2, regeneration 1, magic shield, antimagic bite, no device heal 3, rot
immunity
a: no special abilities


You were on level 3 of the Dungeon.
You were not hungry.

You visited 1 branch of the dungeon, and saw 3 of its levels.

You collected 98 gold pieces.

Inventory:

Hand weapons
 a - a +0 hand axe (weapon)
Armour
 b - a +0 leather armour (worn)
Comestibles
 d - a bread ration
 j - a royal jelly
 m - a rotting chunk of rat flesh
Scrolls
 g - 3 scrolls of remove curse {unknown}
 h - a scroll of blinking {unknown}
 k - a scroll of teleportation {unknown}
 l - 3 scrolls of identify {unknown}
 p - a scroll of amnesia {unknown}
Potions
 i - a potion of invisibility {unknown}
 n - a potion of resistance
 o - a potion of cancellation
Books
 c - a book of Battle

   Spells                             Type                      Level
   *Infusion                          Charms                       1
   Shroud of Golubria                 Charms/Translocation         2
   Song of Slaying                    Charms                       2
   Spectral Weapon                    Hexes/Charms                 3
   Regeneration                       Charms/Necromancy            3


   Skills:
 - Level 1.7 Fighting
 + Level 3.3 Axes
 - Level 0.7 Armour
 - Level 0.7 Dodging
 - Level 2.1 Spellcasting
 - Level 3.0 Charms


You had 5 spell levels left.
You knew the following spells:

 Your Spells              Type           Power        Failure   Level  Hunger
a - Infusion              Chrm           #.....       10%         1    ##.....


Dungeon Overview and Level Annotations

Branches:
Dungeon (3/15)

Altars:
Vehumet
The Shining One


Innate Abilities, Weirdness & Mutations

You have extremely sharp teeth.
Your natural rate of healing is unusually fast.
When hurt, damage is shared between your health and your magic reserves.
Your bite disrupts and absorbs the magic of your enemies.
Potions and wands cannot restore your health.
You are immune to rotting.

Vault maps used:
D:1:      eino_arrival_cavern_a, st_stairs_11
D:2:      uniq_terence
D:3:      gammafunk_temple_overflow_elements


Message History

You climb downwards.
There is a stone staircase leading up here.
Found a ring mail.
You open the door.
Found a glowing golden altar of the Shining One and a radiant altar of Vehumet.
There is an open door here.
Found a scroll labeled ZAUNGI HOEWIA.
p - a scroll labeled ZAUNGI HOEWIA
Found a scroll labeled EBAAPR HINENKA.
g - 3 scrolls labeled EBAAPR HINENKA (gained 1)
A jackal comes into view.
The jackal barks!
Found 8 gold pieces.
A jackal comes into view.
You hit the jackal. You bite the jackal, but do no damage.
The jackal is heavily wounded.
The jackal bites you. The jackal barely misses you.
You hit the jackal but do no damage. Your bite misses the jackal.
The jackal is heavily wounded.
The jackal bites you but does no damage.
You hit the jackal but do no damage. You bite the jackal. You drain its power.
The jackal is heavily wounded.
The jackal misses you. The jackal closely misses you.
You completely miss the jackal. You bite the jackal. You drain its power.
You kill the jackal!
You see here a jackal corpse.
Found 8 gold pieces.
A kobold comes into view.
The kobold shouts!
The jackal barks!
The kobold wields a blowgun.
The kobold shoots a curare-tipped needle.
The curare-tipped needle hits you.
You are poisoned.
You have difficulty breathing.
You feel yourself slow down.
You see here a curare-tipped needle.
You feel sick.
You closely miss the jackal.
You feel sick. The jackal closely misses you. The jackal barely misses you.
You hit the jackal.
The jackal is lightly wounded.
You feel sick. The jackal closely misses you.
The jackal bites you but does no damage.
The jackal bites you.
Unknown command.
Casting: Infusion
Confirm with . or Enter, or press ? or * to list all spells.
You miscast Infusion.
You are very lightly contaminated with residual magic.
Nothing appears to happen.
* * * LOW HITPOINT WARNING * * *
You feel sick. The jackal closely misses you. The jackal barely misses you.
You hit the jackal.
The jackal is heavily wounded.
You have got your breath back.
* * * LOW HITPOINT WARNING * * *
You feel sick.
The jackal bites you but does no damage.
The jackal barely misses you.
Drink which item? (? for menu, Esc to quit)
You feel protected.
It was a potion of resistance.
The jackal bites you but does no damage. x2
Unknown command.
Unknown command.
Drink which item? (? for menu, Esc to quit)
Your magical effects are unravelling.
Your magical contamination has completely faded away.
You feel magically purged.
It was a potion of cancellation.
Your resistance to elements expires.
You feel yourself speed up.
* * * LOW HITPOINT WARNING * * *
You feel sick.
The jackal bites you but does no damage.
The jackal barely misses you.
You hit the jackal. You bite the jackal, but do no damage.
The jackal is severely wounded.
* * * LOW HITPOINT WARNING * * *
You feel sick. The jackal closely misses you.
The jackal bites you but does no damage.
Unknown command.
You completely miss the jackal. Your bite misses the jackal.
The jackal is heavily wounded.
* * * LOW HITPOINT WARNING * * *
You feel sick.
The jackal bites you but does no damage.
Drink which item? (? for menu, Esc to quit)
That seemed strangely inert.
It was a potion of heal wounds.
The jackal closely misses you. x2
Unknown command.
You hit the jackal.
You kill the jackal!
The kobold shoots a curare-tipped needle.
The curare-tipped needle hits you.
You are lethally poisoned!
You have difficulty breathing.
* * * LOW HITPOINT WARNING * * *
You feel yourself slow down.
Drink which item? (? for menu, Esc to quit)
You have got your breath back.
It was a potion of restore abilities.
You die...

....# #. ..# ....##### #.
..# ........# #. ..# ....#
#.# #. ..##
....###.########K....#
[...#.#.#.#.#.#....$.####
.....#.#.#.#.#.#.#K.......
#.#.#.#.#.#.#.#.#(#
...#.#.#.#.#.#.#@#.#
..#.#.#.#.#.#.#.#.#.#
...#.#.#.#.#.#.#.#.#..
#.#.#.#.#.#.#.#.#.#.#.#
.#.#.#.#.#.#.#.#.#.#.... #
# #.#.#.#%#.#.#.#.###
#.#.#.#.#.#.#.#.#
#.#.#.#.#.#.#.# #.#
#.#.#.#.#


You could see a kobold.

Table legend:
 A = Kills in this place as a percentage of kills in entire the game.
 B = Kills by you in this place as a percentage of kills by you in the entire game.
 C = Kills by friends in this place as a percentage of kills by friends in the entire game.
 D = Other kills in this place as a percentage of other kills in the entire game.
 E = Experience gained in this place as a percentage of experience gained in the entire game.
 F = Experience gained in this place divided by the number of levels of this place that you have seen.
                   A       B       C       D       E      F
               +-------+-------+-------+-------+-------+----------------------
         Total | 100.0 | 100.0 |  -nan |  -nan | 100.0 |  18.7
       Dungeon | 100.0 | 100.0 |  -nan |  -nan | 100.0 |  18.7
               +-------+-------+-------+-------+-------+----------------------

Vanquished Creatures
  An ooze (D:1)
  An orc (D:3)
  7 bats
  3 giant cockroaches (D:2)
  3 hobgoblins (D:1)
  2 jackals (D:3)
  2 giant newts
  6 goblins
  4 kobolds (D:1)
  6 rats
35 creatures vanquished.

Notes
Turn   | Place    | Note
--------------------------------------------------------------
     0 | D:1      | magipi, the Vine Stalker Skald, began the quest for the Orb.
     0 | D:1      | Reached XP level 1. HP: 11/11 MP: 3/3
   107 | D:1      | Reached XP level 2. HP: 15/15 MP: 5/5
   464 | D:1      | Reached XP level 3. HP: 18/18 MP: 7/7
   798 | D:3      | Found a glowing golden altar of the Shining One.
   798 | D:3      | Found a radiant altar of Vehumet.
   854 | D:3      | Succumbed to kobold's curare-tipped needle

Action                   || total
-------------------------++-------
Melee: Hand axe          ||    92
 Cast: Infusion          ||     2
  Use: Potion            ||     4

Action                   || total
-------------------------++-------
Melee: Hand axe          ||    92
 Cast: Infusion          ||     2
  Use: Potion            ||     4

Action                   || total
-------------------------++-------
Melee: Hand axe          ||    92
 Cast: Infusion          ||     2
  Use: Potion            ||     4
